| TOP OF THE 1ST |
|
Staten Island Yankees batting - Pitching for Connecticut Tigers : RHP Rich Nunez
|
|
Pitching: RHP Rich Nunez
|
|
|
Batting: RHB Norimoto Miyanishi
|
0-0: Ball 1-0: Swinging Strike 1-1: Ball 2-1: Foul Ball, location: 2F 2-2: Foul Ball, location: 2F 2-2: Ball 3-2: Foul Ball, location: 2F 3-2: Strikes out swinging
|
|
Batting: RHB Brian Warren
|
0-0: Swinging Strike 0-1: Ball 1-1: Foul Ball, location: 2F 1-2: Ball 2-2: Foul Ball, location: 2F 2-2: Ball 3-2: Fly out, F8 (Flyball, 8RM, EV 95.6 MPH)
|
|
Batting: RHB Pat Pemberton
|
0-0: Called Strike 0-1: Called Strike 0-2: SINGLE (Flyball, 56D, EV 86.9 MPH)
|
|
Batting: LHB Joe Vida
|
0-0: Ball 1-0: Ball 2-0: Ground out 4-3 (Groundball, 4, EV 91.2 MPH)
|
| Top of the 1st over - 0 runs, 1 hit, 0 errors, 1 left on base; Staten Island 0 - Connecticut 0 |
| BOTTOM OF THE 1ST |
|
Connecticut Tigers batting - Pitching for Staten Island Yankees : RHP Bobby Kosmicki
|
|
Pitching: RHP Bobby Kosmicki
|
|
|
Batting: RHB Omar del Pino
|
0-0: Ball 1-0: Ball 2-0: Called Strike 2-1: Ground out 6-3 (Groundball, 6M, EV 100.6 MPH)
|
|
Batting: LHB Bobby Adams
|
0-0: Called Strike 0-1: Ball 1-1: Foul Ball, location: 2F 1-2: Foul Ball, location: 2F 1-2: Ball 2-2: Foul Ball, location: 2F 2-2: Ground out 5-3 (Groundball, 56S, EV 81.2 MPH)
|
|
Batting: LHB Claudio Kamminga
|
0-0: Ball 1-0: SOLO HOME RUN (Flyball, 89XD, EV 108.8 MPH), Distance : 430 ft
|
|
Batting: LHB Andy Sanchez
|
0-0: Ball 1-0: Ball 2-0: Called Strike 2-1: Foul Ball, location: 2F 2-2: Foul Ball, location: 2F 2-2: Ball 3-2: Strikes out swinging
|
| Bottom of the 1st over - 1 run, 1 hit, 0 errors, 0 left on base; Staten Island 0 - Connecticut 1 |
| TOP OF THE 2ND |
|
Staten Island Yankees batting - Pitching for Connecticut Tigers : RHP Rich Nunez
|
|
Batting: RHB Mike Zern
|
0-0: Swinging Strike 0-1: Swinging Strike 0-2: Ball 1-2: Ball 2-2: Ball 3-2: Foul Ball, location: 2F 3-2: Foul Ball, location: 2F 3-2: Foul Ball, location: 2F 3-2: Foul Ball, location: 2F 3-2: SINGLE (Groundball, 6D, EV 103.1 MPH)
|
|
Batting: SHB Josh Parker
|
0-0: Ball 1-0: Called Strike 1-1: Fly out, F9 (Flyball, 9D, EV 100.6 MPH)
|
|
Batting: LHB Mike Schermerhorn
|
0-0: Called Strike 0-1: Ball 1-1: Ball 2-1: Fly out, F9 (Flyball, 9LS, EV 88.1 MPH)
|
|
Batting: RHB Nate Singleton
|
0-0: Called Strike 0-1: Ball 1-1: Ball 2-1: Called Strike 2-2: Foul Ball, location: 2F 2-2: Strikes out looking
|
| Top of the 2nd over - 0 runs, 1 hit, 0 errors, 1 left on base; Staten Island 0 - Connecticut 1 |
| BOTTOM OF THE 2ND |
|
Connecticut Tigers batting - Pitching for Staten Island Yankees : RHP Bobby Kosmicki
|
|
Batting: LHB Jon Pedlar
|
0-0: Swinging Strike 0-1: Ball 1-1: Ball 2-1: Ground out 4-3 (Groundball, 4, EV 78.8 MPH)
|
|
Batting: SHB Julio Ramos
|
0-0: Called Strike 0-1: Called Strike 0-2: Ball 1-2: Ball 2-2: Ball 3-2: Foul Ball, location: 2F 3-2: Base on Balls
|
|
Batting: RHB Jeremiah Washington
|
0-0: Ball 1-0: Called Strike 1-1: Ball 2-1: Fly out, F7 (Flyball, 78S, EV 79.4 MPH)
|
|
Batting: RHB Tony Murray
|
0-0: Fly out, F3 (Popup, 23F, EV 78.8 MPH)
|
| Bottom of the 2nd over - 0 runs, 0 hits, 0 errors, 1 left on base; Staten Island 0 - Connecticut 1 |
| TOP OF THE 3RD |
|
Staten Island Yankees batting - Pitching for Connecticut Tigers : RHP Rich Nunez
|
|
Batting: SHB Adam Slade
|
0-0: Ball 1-0: Fly out, F8 (Line Drive, 78M, EV 97.5 MPH)
|
|
Batting: RHB Norimoto Miyanishi
|
0-0: Ball 1-0: Foul Ball, location: 2F 1-1: Called Strike 1-2: Strikes out swinging
|
|
Batting: RHB Brian Warren
|
0-0: Ball 1-0: Called Strike 1-1: Ball 2-1: Ball 3-1: Base on Balls
|
|
Batting: RHB Pat Pemberton
|
0-0: Ball 1-0: DOUBLE (Line Drive, 3D, EV 105.6 MPH) Brian Warren to third
|
|
Batting: LHB Joe Vida
|
0-0: Called Strike 0-1: Swinging Strike 0-2: Ball 1-2: DOUBLE (Line Drive, 9LM, EV 98.1 MPH) Brian Warren scores Pat Pemberton scores
|
|
Batting: RHB Mike Zern
|
0-0: Ball 1-0: Ball 2-0: Called Strike 2-1: Ball 3-1: Called Strike 3-2: Ground out 5-3 (Groundball, 56, EV 88.8 MPH)
|
| Top of the 3rd over - 2 runs, 2 hits, 0 errors, 1 left on base; Staten Island 2 - Connecticut 1 |
| BOTTOM OF THE 3RD |
|
Connecticut Tigers batting - Pitching for Staten Island Yankees : RHP Bobby Kosmicki
|
|
Batting: SHB Duri Chilemba
|
0-0: Called Strike 0-1: Foul Ball, location: 2F 0-2: Strikes out looking
|
|
Batting: RHB Omar del Pino
|
0-0: Ball 1-0: Ground out 1-3 (Groundball, 13S, EV 73.8 MPH)
|
|
Batting: LHB Bobby Adams
|
0-0: Ground out U3 (Groundball, 3L, EV 85.6 MPH)
|
| Bottom of the 3rd over - 0 runs, 0 hits, 0 errors, 0 left on base; Staten Island 2 - Connecticut 1 |
| TOP OF THE 4TH |
|
Staten Island Yankees batting - Pitching for Connecticut Tigers : RHP Rich Nunez
|
|
Batting: SHB Josh Parker
|
0-0: Called Strike 0-1: Fly out, F7 (Flyball, 7D, EV 67.5 MPH)
|
|
Batting: LHB Mike Schermerhorn
|
0-0: Called Strike 0-1: Ball 1-1: Ball 2-1: Swinging Strike 2-2: Strikes out looking
|
|
Batting: RHB Nate Singleton
|
0-0: Foul Ball, location: 2F 0-1: Ground out 6-3 (Groundball, 6, EV 87.5 MPH)
|
| Top of the 4th over - 0 runs, 0 hits, 0 errors, 0 left on base; Staten Island 2 - Connecticut 1 |
| BOTTOM OF THE 4TH |
|
Connecticut Tigers batting - Pitching for Staten Island Yankees : RHP Bobby Kosmicki
|
|
Batting: LHB Claudio Kamminga
|
0-0: Ball 1-0: Called Strike 1-1: Foul Ball, location: 2F 1-2: Foul Ball, location: 2F 1-2: Foul Ball, location: 2F 1-2: Foul Ball, location: 2F 1-2: Ball 2-2: Foul Ball, location: 2F 2-2: Ball 3-2: Foul Ball, location: 2F 3-2: Ground out U3 (Groundball, 3, EV 84.4 MPH)
|
|
Batting: LHB Andy Sanchez
|
0-0: Ball 1-0: Foul Ball, location: 2F 1-1: SINGLE (Groundball, 56D, EV 102.5 MPH)
|
|
Batting: LHB Jon Pedlar
|
0-0: 2-RUN HOME RUN (Flyball, 9D, EV 103.1 MPH), Distance : 391 ft
|
|
Batting: SHB Julio Ramos
|
0-0: Fly out, F7 (Flyball, 78S, EV 92.5 MPH)
|
|
Batting: RHB Jeremiah Washington
|
0-0: Called Strike 0-1: Swinging Strike 0-2: Ball 1-2: Fly out, F5 (Line Drive, 56, EV 77.5 MPH)
|
| Bottom of the 4th over - 2 runs, 2 hits, 0 errors, 0 left on base; Staten Island 2 - Connecticut 3 |
| TOP OF THE 5TH |
|
Staten Island Yankees batting - Pitching for Connecticut Tigers : RHP Rich Nunez
|
|
Batting: SHB Adam Slade
|
0-0: Foul Ball, location: 2F 0-1: Ball 1-1: Foul Ball, location: 2F 1-2: Strikes out swinging
|
|
Batting: RHB Norimoto Miyanishi
|
0-0: Ball 1-0: Ball 2-0: Foul Ball, location: 2F 2-1: Swinging Strike 2-2: Ground out 4-3 (Groundball, 4, EV 82.5 MPH)
|
|
Batting: RHB Brian Warren
|
0-0: Ground out 4-3 (Groundball, 4MS, EV 79.4 MPH)
|
| Top of the 5th over - 0 runs, 0 hits, 0 errors, 0 left on base; Staten Island 2 - Connecticut 3 |
| BOTTOM OF THE 5TH |
|
Connecticut Tigers batting - Pitching for Staten Island Yankees : RHP Bobby Kosmicki
|
|
Pitching: RHP Jake Bryant
|
|
|
Batting: RHB Tony Murray
|
0-0: Swinging Strike 0-1: Called Strike 0-2: Strikes out swinging
|
|
Batting: SHB Duri Chilemba
|
0-0: Ball 1-0: Called Strike 1-1: Fly out, F7 (Flyball, 7LSF, EV 73.1 MPH)
|
|
Batting: RHB Omar del Pino
|
0-0: Foul Ball, location: 2F 0-1: Ball 1-1: Ball 2-1: TRIPLE (Line Drive, 7D, EV 103.8 MPH)
|
|
Batting: LHB Bobby Adams
|
0-0: Ball 1-0: Foul Ball, location: 2F 1-1: Ball 2-1: Ball 3-1: Foul Ball, location: 2F 3-2: Strikes out swinging
|
| Bottom of the 5th over - 0 runs, 1 hit, 0 errors, 1 left on base; Staten Island 2 - Connecticut 3 |
| TOP OF THE 6TH |
|
Staten Island Yankees batting - Pitching for Connecticut Tigers : RHP Rich Nunez
|
|
Batting: RHB Pat Pemberton
|
0-0: Hit by Pitch
|
|
Batting: LHB Joe Vida
|
0-0: Ground out 5-3 (Groundball, 56S, EV 70.0 MPH) Pat Pemberton to second
|
|
Batting: RHB Mike Zern
|
0-0: Called Strike 0-1: Swinging Strike 0-2: Ball 1-2: 2-RUN HOME RUN (Flyball, 7D, EV 106.9 MPH), Distance : 404 ft
|
|
Batting: SHB Josh Parker
|
0-0: Ball 1-0: Foul Ball, location: 2F 1-1: Ball 2-1: Fly out, F9 (Flyball, 9S, EV 95.0 MPH)
|
|
Batting: LHB Mike Schermerhorn
|
0-0: Called Strike 0-1: Fly out, F8 (Flyball, 8RD, EV 108.1 MPH)
|
| Top of the 6th over - 2 runs, 1 hit, 0 errors, 0 left on base; Staten Island 4 - Connecticut 3 |
| BOTTOM OF THE 6TH |
|
Connecticut Tigers batting - Pitching for Staten Island Yankees : RHP Jake Bryant
|
|
Batting: LHB Claudio Kamminga
|
0-0: Foul Ball, location: 2F 0-1: Ball 1-1: Fly out, F8 (Flyball, 89D, EV 83.8 MPH)
|
|
Batting: LHB Andy Sanchez
|
0-0: Ball 1-0: Foul Ball, location: 2F 1-1: Called Strike 1-2: Foul Ball, location: 2F 1-2: Ball 2-2: Strikes out swinging
|
|
Pitching: LHP John Hattenhauer
|
|
|
Batting: LHB Jon Pedlar
|
0-0: Called Strike 0-1: Foul Ball, location: 2F 0-2: Ball 1-2: Ball 2-2: Ball 3-2: Foul Ball, location: 2F 3-2: Base on Balls
|
|
Batting: SHB Julio Ramos
|
0-0: Foul Ball, location: 2F 0-1: Foul Ball, location: 2F 0-2: Foul Ball, location: 2F 0-2: Strikes out swinging
|
| Bottom of the 6th over - 0 runs, 0 hits, 0 errors, 1 left on base; Staten Island 4 - Connecticut 3 |
| TOP OF THE 7TH |
|
Staten Island Yankees batting - Pitching for Connecticut Tigers : RHP Rich Nunez
|
|
Batting: RHB Nate Singleton
|
0-0: Ground out 4-3 (Groundball, 4, EV 87.5 MPH)
|
|
Batting: SHB Adam Slade
|
0-0: Foul Ball, location: 2F 0-1: Ball 1-1: Ball 2-1: Foul Ball, location: 2F 2-2: Ball 3-2: Strikes out swinging
|
|
Pitching: LHP Victor Villarreal
|
|
|
Batting: RHB Norimoto Miyanishi
|
0-0: Ball 1-0: Called Strike 1-1: Foul Ball, location: 2F 1-2: Foul Ball, location: 2F 1-2: Strikes out swinging
|
| Top of the 7th over - 0 runs, 0 hits, 0 errors, 0 left on base; Staten Island 4 - Connecticut 3 |
| BOTTOM OF THE 7TH |
|
Connecticut Tigers batting - Pitching for Staten Island Yankees : LHP John Hattenhauer
|
|
Pitching: RHP Nate LaCava
|
|
|
Batting: RHB Jeremiah Washington
|
0-0: Ball 1-0: Foul Ball, location: 2F 1-1: Ball 2-1: Ground out 4-3 (Groundball, 4, EV 89.4 MPH)
|
|
Batting: RHB Tony Murray
|
0-0: Ball 1-0: SINGLE (Groundball, 56S, EV 68.8 MPH) (infield hit)
|
|
Pinch Hitting: RHB Jayden Copeland
|
0-0: Foul Ball, location: 2F 0-1: DOUBLE (Line Drive, 78M, EV 101.2 MPH) Tony Murray to third
|
|
Pinch Hitting: LHB Glen Boyle
|
0-0: SINGLE (Groundball, 34, EV 100.0 MPH) Tony Murray scores Jayden Copeland to third
|
|
Batting: LHB Bobby Adams
|
0-0: Called Strike 0-1: Ball 1-1: Swinging Strike 1-2: Ball 2-2: Fielders Choice at 2nd, 6-4 (Groundball, 6, EV 99.4 MPH) Jayden Copeland scores
|
|
Batting: LHB Claudio Kamminga
|
0-0: Called Strike 0-1: Ball 1-1: Ball 2-1: Ball 3-1: SINGLE (Groundball, 34D, EV 103.1 MPH) Bobby Adams to second Runner from 2nd tries for 3rd, SAFE, throw by RF made to third
|
|
Batting: LHB Andy Sanchez
|
0-0: Ball 1-0: Ball 2-0: Ground out 4-3 (Groundball, 4, EV 99.4 MPH)
|
| Bottom of the 7th over - 2 runs, 4 hits, 0 errors, 2 left on base; Staten Island 4 - Connecticut 5 |
| TOP OF THE 8TH |
|
Staten Island Yankees batting - Pitching for Connecticut Tigers : LHP Victor Villarreal
|
|
Now at 1B: Bobby Adams
|
|
|
Now at 3B: Sergio Valbuena
|
|
|
Now at SS: Orlando Blanco
|
|
|
Now in CF: Emil Wilbrink
|
|
|
Batting: RHB Brian Warren
|
0-0: Ball 1-0: SINGLE (Groundball, 6MD, EV 97.5 MPH)
|
|
Batting: RHB Pat Pemberton
|
0-0: Ball 1-0: Called Strike 1-1: Swinging Strike 1-2: Strikes out swinging
|
|
Pinch Hitting: RHB Nick Murray
|
0-0: Ball 1-0: Ball 2-0: SINGLE (Groundball, 34D, EV 108.1 MPH) Brian Warren to second
|
|
Pitching: RHP John Harrell
|
|
|
Batting: RHB Mike Zern
|
0-0: Ball 1-0: Called Strike 1-1: Foul Ball, location: 2F 1-2: SINGLE (Groundball, 56D, EV 94.4 MPH) Brian Warren to third Nick Murray to second
|
|
Batting: SHB Josh Parker
|
0-0: Called Strike 0-1: Ball 1-1: Called Strike 1-2: Foul Ball, location: 2F 1-2: Grounds into fielders choice 3-2 (Groundball, 34S, EV 86.2 MPH) Nick Murray to third Mike Zern to second
|
|
Batting: LHB Mike Schermerhorn
|
0-0: Called Strike 0-1: Ball 1-1: Swinging Strike 1-2: Fly out, F9 (Flyball, 9S, EV 83.8 MPH)
|
| Top of the 8th over - 0 runs, 3 hits, 0 errors, 3 left on base; Staten Island 4 - Connecticut 5 |
| BOTTOM OF THE 8TH |
|
Connecticut Tigers batting - Pitching for Staten Island Yankees : RHP Nate LaCava
|
|
Pitching: RHP Servaas Morrow
|
|
|
Now in LF: Francisco Vargas
|
|
|
Batting: LHB Jon Pedlar
|
0-0: Ball 1-0: Ball 2-0: Called Strike 2-1: Ball 3-1: Swinging Strike 3-2: SINGLE (Groundball, 4D, EV 101.9 MPH)
|
|
Batting: SHB Julio Ramos
|
0-0: Ball 1-0: Called Strike 1-1: Called Strike 1-2: Foul Ball, location: 2F 1-2: Ball 2-2: Strikes out swinging
|
|
Batting: RHB Jeremiah Washington
|
0-0: Fielders Choice at 2nd, 4-6 (Groundball, 4, EV 99.4 MPH)
|
|
Now at 2B: Larry Valencia
|
|
|
Now at SS: Mike Zern
|
|
|
Batting: RHB Tony Murray
|
0-0: Called Strike 0-1: Ball 1-1: Foul Ball, location: 2F 1-2: Strikes out swinging
|
| Bottom of the 8th over - 0 runs, 1 hit, 0 errors, 1 left on base; Staten Island 4 - Connecticut 5 |
| TOP OF THE 9TH |
|
Staten Island Yankees batting - Pitching for Connecticut Tigers : RHP John Harrell
|
|
Batting: RHB Nate Singleton
|
0-0: Ball 1-0: Swinging Strike 1-1: Swinging Strike 1-2: Strikes out swinging
|
|
Pinch Hitting: SHB Tadaaki Kondo
|
0-0: Swinging Strike 0-1: Called Strike 0-2: Ball 1-2: Foul Ball, location: 2F 1-2: Strikes out swinging
|
|
Pinch Hitting: RHB Brad Wren
|
0-0: Fly out, F8 (Flyball, 8LXD, EV 79.4 MPH)
|
| Top of the 9th over - 0 runs, 0 hits, 0 errors, 0 left on base; Staten Island 4 - Connecticut 5 |
|